 Dungeon Crawl Stone Soup version 0.30-a0-168-g0b976cbdc4 (webtiles) character file.

Game seed: 14435646809814977873

491 KarmaKiller the Cutter (level 6, -7/46 (47) HPs)
             Began as a Vampire Gladiator on Sept 29, 2022.
             Mangled by Pikel
             ... wielding a +0 whip of electrocution
              (12 damage)
             ... on level 5 of the Dungeon.
             The game lasted 00:24:06 (3698 turns).

KarmaKiller the Cutter (Vampire Gladiator)          Turns: 3698, Time: 00:24:07

HP:   -7/46 (47)    AC:  6    Str: 13    XL:     6   Next: 91%
MP:   6/6           EV: 12    Int: 11    God:
Gold: 223           SH:  7    Dex: 17    Spells: 5/5 levels left

rFire   . . .      SeeInvis +    C - +1 dagger (distort)
rCold   . . .      Faith    .    F - +3 buckler of Limitation {Harm Drain Slay+2}
rNeg    . . .      Spirit   .    k - +0 ring mail
rPois   .          Reflect  .    c - +0 helmet
rElec   .          Harm     +    (no cloak)
rCorr   .          Rampage  .    (no gloves)
Will    +....                    (no boots)
Stlth   +.........               (no amulet)
HPRegen 0.35/turn                g - ring of willpower
MPRegen 0.10/turn                (no ring)

@: attractive, healing quickly, lightly drained
A: alive, fangs 3, see invisible, vampiric 2
a: Exsanguinate


You were on level 5 of the Dungeon.
You visited 1 branch of the dungeon, and saw 5 of its levels.
You also visited: Sewer.

You collected 223 gold pieces.

Inventory:

Hand Weapons
 a - a +0 rapier
 p - a +0 spear
 x - a +0 quarterstaff
 z - a +0 war axe
 C - a +1 dagger of distortion (weapon)
Missiles
 d - 3 throwing nets (quivered)
 e - 3 javelins
Armour
 c - a +0 helmet (worn)
 k - a +0 ring mail (worn)
 F - the +3 buckler of Limitation (worn) {Harm Drain Slay+2}
   (You found it on level 4 of the Dungeon)

   Slay:      It affects your accuracy & damage with ranged weapons and melee
   (+2).
   Drain:     It drains your maximum health when unequipped.
   Harm:      It increases damage dealt and taken.
 L - a +1 leather armour of cold resistance
Jewellery
 g - a ring of willpower (left hand)
 l - a ring of wizardry
 y - a ring of wizardry
Wands
 v - a wand of polymorph (4)
 H - a wand of paralysis (15)
 J - a wand of flame (15)
Scrolls
 f - a scroll of vulnerability {unknown}
 h - 2 scrolls of enchant weapon {unknown}
 i - 2 scrolls of enchant armour {unknown}
 j - 2 scrolls of fog
 m - 2 scrolls of summoning {unknown}
 q - 4 scrolls of identify {unknown}
 w - a scroll of torment {unknown}
 E - 2 scrolls of fear {unknown}
 G - a scroll of silence {unknown}
 K - a scroll of noise {unknown}
Potions
 b - a potion of degeneration {unknown}
 n - a potion of magic {unknown}
 r - a potion of curing {unknown}
 s - a potion of invisibility {unknown}
 t - 2 potions of cancellation {unknown}
 u - a potion of haste {unknown}
 A - a potion of lignification {unknown}
 B - a potion of resistance {unknown}
 D - a potion of heal wounds {unknown}
 I - a potion of mutation {unknown}


   Skills:
 + Level 3.0 Fighting
 + Level 5.8 Short Blades
 + Level 1.7 Throwing
 + Level 2.6 Armour
 + Level 4.8 Dodging
 + Level 1.0 Stealth
 + Level 0.1 Shields


You had 5 spell levels left.
You didn't know any spells.
Your spell library contained the following spells:

 Spells                   Type           Power      Damage    Failure   Level
 Sublimation of Blood     Necr           0%         N/A       83%         2
 Wereblood                Tmut           0%         N/A       83%         2
 Airstrike                Air            0%         2d(0-16)  100%        4
 Summon Lightning Spire   Summ/Air       0%         N/A       100%        4
 Lightning Bolt           Conj/Air       0%         1d11      100%        5
 Summon Hydra             Summ           0%         N/A       100%        7


Dungeon Overview and Level Annotations

Branches:
Dungeon (5/15)              Sewer (visited)
 Temple: D:4-7

Altars:
Wu Jian

Shops:
D:3 (   D:4 :

Annotations:
D:5 Pikel


Innate Abilities, Weirdness & Mutations

Your natural rate of healing is accelerated.
You have razor-sharp teeth.
You have supernaturally acute eyesight. (SInv)
You are afflicted with vampirism and can become a bat while bloodless.


Message History

It bursts into flame!
The centaur shoots an arrow.
You block the arrow. The centaur is attracted toward you.
You hit the centaur.
Space warps around the centaur.
The centaur is heavily wounded.
The centaur unwields a +1 shortbow of flaming.
It stops flaming.
You block the centaur's attack. The centaur closely misses you.
You hit the centaur but do no damage.
Space warps horribly around the centaur!
You kill the centaur!
Your Fighting skill increases to level 3!
Your Stealth skill increases to level 1!
Things that are here:
a +0 club; a +0 flail; a gnoll corpse Pikel, Merchant of Souls comes into view.
He is wielding a +0 whip of electrocution and carrying a wand of digging (7).
Pikel is attracted toward you. The necrophage is attracted toward you.
A necrophage comes into view.
Pikel shouts!
You hit Pikel.
Space warps horribly around Pikel!!
Pikel is severely wounded.
You hear a shout!
The necrophage is attracted toward you.
You closely miss Pikel.
Pikel is severely wounded.
You block Pikel's attack.
You hit Pikel but do no damage.
Space warps around Pikel.
Pikel is almost dead.
The necrophage hits you.
* * * LOW HITPOINT WARNING * * *
You feel drained. Pikel closely misses you.
You hit Pikel but do no damage.
Pikel is almost dead.
Pikel blinks!
The necrophage closely misses you.
A lemure comes into view.
Pikel is attracted toward you. The lemure is attracted toward you. x2
A lemure comes into view.
The necrophage attacks as you move away!
The necrophage closely misses you.
Pikel hits you with a +0 whip of electrocution!
You die...

#.#............#
#.#.####........
#§#...§'......#
#§###§§#......#
#§§§§§5#......#
#§###.§#......##
#§##....<.......
###)##§...####≈≈≈≈
#.§.K@n...# ###
#.#.......#
...............≈≈#
.#....##.....#.≈##
...### #.....##≈≈≈
... ###.....≈## ..
+.....≈# #.....≈#
#.....≈#


You could see Pikel, a lemure and a necrophage.

Vanquished Creatures
  Pargi (Sewer)
  A centaur (D:5)
  An iguana (D:4)
  Ijyb (D:3)
  An orc wizard (D:4)
  2 gnolls (D:5)
  6 adders
  An adder skeleton (D:2)
  4 worms
  2 dart slugs
  11 orcs
  7 bats
  5 endoplasms
  6 giant cockroaches
  4 goblins
  11 hobgoblins
  7 jackals (D:2)
  7 kobolds
  2 quokkas
  7 ball pythons
  A ball python skeleton (D:2)
  A ball python zombie (D:2)
  4 frilled lizards
  A rat (D:2)
94 creatures vanquished.

Notes
Turn   | Place    | Note
-------+----------+-------------------------------------------
     0 | D:1      | KarmaKiller the Vampire Gladiator began the quest for the
                  | Orb.
     0 | D:1      | Reached XP level 1. HP: 16/16 MP: 1/1
   107 | D:1      | Reached XP level 2. HP: 20/22 MP: 2/2
   130 | D:1      | Found a faded altar of an unknown god.
   939 | D:2      | Gained mutation: You are afflicted with vampirism and can
                  | become a bat while bloodless. [Vampire growth]
   939 | D:2      | Reached XP level 3. HP: 24/27 MP: 3/3
  1056 | D:2      | Reached skill level 4 in Short Blades
  1219 | D:2      | Reached XP level 4. HP: 33/34 MP: 4/4
  1567 | D:2      | Found an ornate altar of the Wu Jian Council.
  1861 | D:3      | Found Mashal's Weapon Shoppe.
  1967 | D:3      | Found a glowing drain.
  1982 | D:3      | Reached skill level 1 in Armour
  1996 | Sewer    | Entered a sewer
  2083 | Sewer    | Noticed Pargi
  2112 | Sewer    | Killed Pargi
  2113 | Sewer    | Reached skill level 5 in Short Blades
  2113 | Sewer    | Reached XP level 5. HP: 11/39 MP: 5/5
  2304 | D:3      | Noticed Ijyb
  2330 | D:3      | Killed Ijyb
  2871 | D:4      | Found Saenteganneu's Book Shop.
  2874 | D:4      | Reached XP level 6. HP: 15/46 MP: 6/6
  3168 | D:4      | Identified the +3 buckler of Limitation {Harm Drain Slay+2}
  3589 | D:5      | Entered Level 5 of the Dungeon
  3684 | D:5      | HP: 2/46 [centaur/arrow (1)]
  3689 | D:5      | Reached skill level 1 in Stealth
  3693 | D:5      | Noticed Pikel
  3698 | D:5      | Mangled by Pikel

Illustrated notes

Levels and vault maps discovered:
D:1:      minmay_arrival_arboretum_small, layout_basic,
          chequers_ecumenical_altar_island, amethyst_killhole, minmay_tromino_v7
D:2:      layout_basic, basic_altar, serial_undead, serial_undead_c,
          serial_undead_c, serial_undead_f, serial_undead_e
D:3:      layout_loops_ring, portal_sewer_entry_b, serial_shops,
          nicolae_shop_bloodbath_and_beyond, uniq_ijyb, uniq_terence
D:4:      layout_rooms, serial_shops, shop_statue, grunt_ministairs_3
D:5:      layout_basic, nicolae_wooded_promenade, water_maze_lemuel,
          uniq_blork_the_orc, uniq_pikel

Skill      XL: |  1  2  3  4  5  6 |
---------------+-------------------+-----
Fighting       | 2 3 |  3.0
Dodging        | 4 |  4.8
Short Blades   | 4 5 |  5.8
Armour         | 1 2 |  2.6
Stealth        | 1 |  1.0
Throwing       | |  1.7
Shields        | |  0.1

Action                   |  1- 3 |  4- 6 || total
-------------------------+-------+-------++-------
Melee: Rapier            |   135 |   193 ||   328
       Bite              |     6 |    27 ||    33
       Punch             |       |     5 ||     5
       Dagger            |       |    39 ||    39
  Use: Scroll            |       |     1 ||     1
       Potion            |       |     1 ||     1
Armor: Leather armour    |    12 |       ||    12
       Ring mail         |    43 |    68 ||   111
Dodge: Dodged            |    97 |   149 ||   246
Block: Buckler           |       |     9 ||     9

Table legend: (Time is in decaauts)
 A = Elapsed time spent in this place.
 B = Non-inter-level travel time spent in this place.
 C = Inter-level travel time spent in this place.
 D = Time resting spent in this place.
 E = Time spent auto-exploring this place.
 F = Levels seen in this place.
 G = Mean time per level.
                   A        B        C        D        E       F      G
               +--------+--------+--------+--------+--------+-----+--------+
         Total |   3737 |   3737 |      0 |    274 |      0 |   6 |  622.8 |
       Dungeon |   3411 |   3411 |      0 |    202 |      0 |   5 |  682.2 |
         Sewer |    326 |    326 |      0 |     72 |      0 |   1 |  326.0 |
               +--------+--------+--------+--------+--------+-----+--------+

Top non-repeatable levels by time:
     D:2: 951 daAuts
     D:1: 806 daAuts
     D:4: 789 daAuts
     D:3: 757 daAuts
   Sewer: 326 daAuts
     D:5: 105 daAuts
